 Dungeon Crawl Stone Soup version 0.17.1-2-g5865329 (webtiles) character file.

139 Eucla the Skirmisher (level 5, 48/48 HPs)
             Began as a Minotaur Monk on Mar 14, 2016.
             Was a Believer of Vehumet.
             Got out of the dungeon alive.
             The game lasted 00:05:01 (2800 turns).

Eucla the Skirmisher (Minotaur Monk)                Turns: 2800, Time: 00:05:01

Health: 48/48      AC:  7    Str: 16    XL:     5   Next: 1%
Magic:  4/4        EV: 12    Int:  7    God:    Vehumet [**....]
Gold:   58         SH:  0    Dex: 13    Spells: 0 memorised, 4 levels left

rFire  . . .     SeeInvis .       - Unarmed
rCold  . . .     Clarity  .     i - +0 ring mail
rNeg   . . .     SustAt   .     (no shield)
rPois  .         Gourm    .     (helmet restricted)
rElec  .         Spirit   .     n - +1 cloak
rCorr  .         Warding  .     (no gloves)
rMut   .         Stasis   .     (no boots)
MR     .....                    (no amulet)
Stlth  +.........               (no ring)
                                (no ring)

@: drained, not resistant to hostile enchantments, very unstealthy
A: retaliatory headbutt, horns 2
a: Renounce Religion


You escaped.
You worshipped Vehumet.
Vehumet was pleased with you.
You were not hungry.

You visited 1 branch of the dungeon, and saw 3 of its levels.

You collected 58 gold pieces.

Inventory:

Armour
 a - a +0 robe
 i - a +0 ring mail (worn)
 n - a +1 cloak (worn)
Wands
 q - a wand of paralysis (3)
Scrolls
 c - 3 scrolls of identify {unknown}
 e - 2 scrolls of enchant weapon {unknown}
 f - a scroll of magic mapping {unknown}
 j - a scroll of blinking {unknown}
 l - a scroll of fog {unknown}
 o - a scroll of teleportation {unknown}
Potions
 d - 2 potions of curing {unknown}
 g - a potion of heal wounds {unknown}
 h - a potion of mutation {unknown}
 k - 3 potions of flight {unknown}
 m - a potion of brilliance {unknown}
 p - a potion of berserk rage {unknown}
Comestibles
 b - a bread ration


   Skills:
 + Level 5.0(4.8) Fighting
 + Level 2.8(2.7) Armour
 + Level 4.5(4.4) Dodging
 - Level 1.5(1.4) Stealth
 - Level 4.4(4.2) Unarmed Combat


You had 4 spell levels left.
You didn't know any spells.

Dungeon Overview and Level Annotations

Branches:
Dungeon (3/15)

Altars:
Fedhas
Kikubaaqudgha
Vehumet


Innate Abilities, Weirdness & Mutations

You reflexively headbutt those who attack you in melee.
You have a pair of horns on your head.


Message History

What level of the Dungeon? (default 1, ? - help)
There is a stone staircase leading up here.
You climb upwards.
There is a stone staircase leading down here.
Partly explored, can't reach some items and places.
Partly explored, can't reach some items and places.
Unknown command.
There is an open door here.
There is an open door here.
Unknown command.
There is an open door here.
Why would you want to do that?
You see here 9 arrows.
Why would you want to do that? Why would you want to do that?
Why would you want to do that?
There is a staircase leading out of the dungeon here.
You can't go down here!
Are you sure you want to leave the Dungeon?
This will make you lose the game!
You have escaped!

## ####.#..# #.##.# #.# ## .##
####.#################. ..## ###
##.##..##..##...##... ...##
##.###.#..#..###.#.§#..##.
....####...##.##.≈##...###§..≈##.
....'......####.##.####.##.≈≈###.
....####...###.#..#...#.#.§##....
...## ##.##.#.######..#.#≈..###.
..## ####.#.#@...####.#.##§##.
.## ##.##....###.####≈#§#. ##
####.≈##.#..≈#.#≈#.## #
#..#.#.###.#.#[### #
§≈##.####≈.#####.## ###### .$.
#.#.....#..#..## .....# .≈.≈≈
#..≈.#.#.#....#. ..##.# #####
###############. .###.# #.# #..


There were no monsters in sight!

Vanquished Creatures
  Ijyb (D:2)
  Robin (D:2)
  5 adders
  3 ball pythons
  4 giant cockroaches
  10 hobgoblins
  2 jackals (D:1)
  2 quokkas
  7 bats
  3 giant newts
  15 goblins
  3 kobolds
56 creatures vanquished.

Vanquished Creatures (others)
  A human (D:2)
1 creature vanquished.

Grand Total: 57 creatures vanquished

Notes
Turn   | Place    | Note
--------------------------------------------------------------
     0 | D:1      | Eucla the Minotaur Monk began the quest for the Orb.
     0 | D:1      | Reached XP level 1. HP: 19/19 MP: 0/0
   349 | D:1      | Reached XP level 2. HP: 18/27 MP: 1/1
   389 | D:1      | Reached skill level 1 in Armour
   963 | D:2      | Reached XP level 3. HP: 30/33 MP: 2/2
  1054 | D:2      | Noticed Robin
  1100 | D:2      | Killed Robin
  1500 | D:2      | Reached XP level 4. HP: 41/41 MP: 3/3
  1550 | D:2      | Noticed Ijyb
  1566 | D:2      | Killed Ijyb
  1765 | D:2      | Found an ancient bone altar of Kikubaaqudgha.
  1766 | D:2      | Noticed a human
  1769 | D:2      | Killed a human
  1997 | D:3      | Found a faded altar to an unknown god.
  2046 | D:3      | Became a worshipper of Vehumet
  2046 | D:3      | Reached * piety under Vehumet
  2046 | D:3      | Offered knowledge of Sandblast by Vehumet.
  2046 | D:3      | Reached ** piety under Vehumet
  2053 | D:3      | Found a blossoming altar of Fedhas.
  2451 | D:3      | Offered knowledge of Throw Flame by Vehumet.
  2490 | D:3      | Reached XP level 5. HP: 47/47 MP: 4/4
  2660 | D:3      | Offered knowledge of Searing Ray by Vehumet.
  2660 | D:3      | Reached skill level 5 in Fighting
  2800 | D:$      | Got out of the dungeon alive.

Action                   |  1- 3 |  4- 6 || total
-------------------------+-------+-------++-------
Melee: Unarmed           |    94 |    60 ||   154
  Eat: Chunk             |     2 |     2 ||     4
       Bread ration      |       |     1 ||     1
